 Dungeon Crawl Stone Soup version 0.21.1-1-g345015f (webtiles) character file.

163 diana the Slasher (level 5, -1/38 HPs)
             Began as a Demonspawn Gladiator on May 30, 2018.
             Slain by an adder (4 damage)
             ... on level 3 of the Dungeon.
             The game lasted 00:05:50 (2442 turns).

diana the Slasher (Demonspawn Gladiator)            Turns: 2442, Time: 00:05:50

Health: -1/38      AC:  3    Str: 20    XL:     5   Next: 20%
Magic:  5/5        EV: 13    Int: 13    God:
Gold:   114        SH:  0    Dex: 14    Spells: 4/4 levels left

rFire    . . .     SeeInvis .   a - +0 long sword
rCold    . . .     Gourm    .   (no shield)
rNeg     . . .     Faith    .   b - +0 leather armour
rPois    .         Spirit   .   (helmet restricted)
rElec    .         Reflect  .   (no cloak)
rCorr    .         Harm     +   (no gloves)
MR       .....                  (no boots)
Stlth    +.........             g - amulet of harm
HPRegen  0.12/turn              m - +4 ring of strength
MPRegen  0.09/turn              p - +4 ring of intelligence

@: about to teleport
A: horns 1, sturdy frame 2
a: no special abilities


You were on level 3 of the Dungeon.
You were not hungry.

You visited 1 branch of the dungeon, and saw 3 of its levels.

You collected 114 gold pieces.

Inventory:

Hand Weapons
 a - a +0 long sword (weapon)
Missiles
 d - 3 throwing nets (quivered)
Armour
 b - a +0 leather armour (worn)
 c - a +0 helmet
Jewellery
 g - an amulet of harm (around neck)
 m - a +4 ring of strength (left hand)
 p - a +4 ring of intelligence (right hand)
Wands
 n - a wand of flame (32)
Scrolls
 e - 3 scrolls of teleportation
 h - 2 scrolls of remove curse {unknown}
 i - 2 scrolls of identify {unknown}
 j - a scroll of blinking {unknown}
 k - a scroll of fog {unknown}
 l - a scroll of enchant armour {unknown}
 q - a scroll of magic mapping {unknown}
Books
 o - a book of Minor Magic

   Spells                             Type                      Level
   a - Magic Dart                     Conjuration                  1
   b - Blink                          Translocation                2
   c - Call Imp                       Summoning                    2
   d - Slow                           Hexes                        2
   e - Conjure Flame                  Conjuration/Fire             3
   f - Mephitic Cloud                 Conjuration/Poison/Air       3
Comestibles
 f - 4 rations


   Skills:
 - Level 2.0 Fighting
 + Level 5.3 Long Blades
 - Level 1.7 Throwing
 - Level 2.8 Dodging


You had 4 spell levels left.
You didn't know any spells.

Dungeon Overview and Level Annotations

Branches:
Dungeon (3/15)

Altars:

Annotations:
D:3 Mesmaeker13's ghost, amateur GrFE


Innate Abilities, Weirdness & Mutations

You have a pair of small horns on your head.
Your movements are less encumbered by armour. (ER -4)


Message History

You see here 15 gold pieces.
An adder comes into view.
The adder hisses angrily.
Mesmaeker13's ghost turns its malevolent gaze towards you.
Mesmaeker13's ghost casts a spell at you.
The puff of flame hits you!
Mesmaeker13's ghost casts a spell at you.
The flame tongue hits you!
Ouch! That really hurt!
* * * LOW HITPOINT WARNING * * *
You closely miss Mesmaeker13's ghost. Mesmaeker13's ghost hits you!
* * * LOW HITPOINT WARNING * * *
Mesmaeker13's ghost hits you but does no damage.
You aren't carrying any potions.
As you read the scroll labeled VEUPYRPH PUCO, it crumbles to dust.
You feel strangely unstable.
It was a scroll of teleportation.
Mesmaeker13's ghost misses you.
You riposte.
You hit Mesmaeker13's ghost but do no damage.
The adder bites you.
You die...

#.(...##.....# #..
#.....##...### #..# #
#..........# #..#.#.
... #....##....#
#..#.. ...
#######....# ##.....
...# ##...# ##...##
....#
###...###....$##....#
#....................
#.#######.@....######
... ###.S.#....##
#.##. #...W.##.#..###
# ##
#.#.>............ #.
###.###..#.#### ..
#)# ##..... . .)#
.S..... ##.# #......
..# ######


You could see Mesmaeker13's ghost and an adder.

Vanquished Creatures
  An orc priest (D:3)
  5 adders (D:2)
  An ooze (D:1)
  A worm (D:2)
  A dart slug (D:1)
  4 orcs (D:3)
  3 ball pythons
  3 giant cockroaches
  5 goblins
  6 hobgoblins
  13 jackals
  11 kobolds
  9 bats
  A frilled lizard (D:1)
  7 rats
71 creatures vanquished.

Notes
Turn   | Place    | Note
-------+----------+-------------------------------------------
     0 | D:1      | diana the Demonspawn Gladiator began the quest for the Orb.
     0 | D:1      | Reached XP level 1. HP: 16/16 MP: 1/1
   182 | D:1      | Reached skill level 3 in Long Blades
   457 | D:1      | Gained mutation: Your movements are slightly less encumbered by armour. (ER -2) [demonic ancestry]
   457 | D:1      | Reached XP level 2. HP: 22/22 MP: 2/2
   717 | D:1      | Reached XP level 3. HP: 23/27 MP: 3/3
  1082 | D:2      | Reached skill level 4 in Long Blades
  1506 | D:2      | Gained mutation: You have a pair of small horns on your head. [demonic ancestry]
  1506 | D:2      | Reached XP level 4. HP: 31/33 MP: 4/4
  1851 | D:2      | Reached skill level 5 in Long Blades
  2075 | D:3      | Gained mutation: Your movements are less encumbered by armour. (ER -4) [demonic ancestry]
  2075 | D:3      | Reached XP level 5. HP: 7/38 MP: 5/5
  2427 | D:3      | Noticed Mesmaeker13's ghost (amateur GrFE)
  2442 | D:3      | Slain by an adder

Skill      XL: |  1  2  3  4 |
---------------+-------------+-----
Long Blades    | 3 4 5 |  5.3
Fighting       | |  2.0
Throwing       | |  1.7
Dodging        | |  2.8

Action                   |  1- 3 |  4- 6 || total
-------------------------+-------+-------++-------
Melee: Long sword        |   103 |    55 ||   158
       Headbutt          |       |     9 ||     9
  Use: Potion            |       |     1 ||     1
       Scroll            |       |     1 ||     1
  Eat: Chunk             |     2 |     1 ||     3
       Ration            |       |     1 ||     1
Armor: Leather armour    |    33 |    16 ||    49
Dodge: Dodged            |   108 |    65 ||   173
       Rpst.: Long sword |    35 |    18 ||    53
